 Dungeon Crawl Stone Soup version 0.30-a0-1103-g25895a7845 (webtiles) character file.

Game seed: 5094104056709281928

177169 cheesebisquit the Wrestler (level 17, 0/177 (178) HPs)
             Began as a Troll Fighter on Apr 18, 2023.
             Was a High Priest of Wu Jian.
             Killed by divine providence
             ... invoked by a meliai
              (9 damage)
             ... on level 4 of the Spider Nest.
             The game lasted 02:07:24 (28002 turns).

cheesebisquit the Wrestler (Troll Fighter)         Turns: 28002, Time: 02:07:25

HP:   0/177 (178)   AC: 13    Str: 28    XL:     17   Next: 53%
MP:   16/16         EV: 16    Int: 10    God:    Wu Jian [*****.]
Gold: 357           SH: 16    Dex:  9    Spells: 10/16 levels left

rFire   . . .      SeeInvis +      - Unarmed
rCold   + + +      Faith    .    b - +5 kite shield
rNeg    . . .      Spirit   .    j - +4 skin of Zhor {*Englaciate rC+++ SInv}
rPois   +          Reflect  .    Q - +2 hat {Stlth+}
rElec   .          Rampage  .    w - +2 cloak {Will+}
rCorr   .                        (gloves unavailable)
Will    ++...                    (boots unavailable)
Stlth   ++                       F - amulet of regeneration
HPRegen 2.09/turn                x - ring of poison resistance
MPRegen 0.15/turn                T - +5 ring of evasion

@: mighty, lethally poisoned (0 -> -1), lightly drained
A: large, unfitting armour, claws 3, regeneration 1, shaggy fur 1, tough skin 1
a: Renounce Religion, Wall Jump, Serpent's Lash, Heavenly Storm


You were on level 4 of the Spider Nest.
You worshipped Wu Jian.
Wu Jian was extremely pleased with you.
You visited 5 branches of the dungeon, and saw 27 of its levels.
You also visited: Bailey, Ice Cave and Volcano.

You collected 3235 gold pieces.
You spent 2878 gold pieces at shops.

Inventory:

Hand Weapons
 c - the +9 sling of Jaykh {antimagic, rN+ Str+6}
   (You found it in a bailey)

   Str:       It affects your strength (+6).
   rN:        It protects you from negative energy.
 y - a +3 giant spiked club
Missiles
 i - 4 curare-tipped darts
 D - 7 datura-tipped darts
 U - 14 poisoned darts (quivered)
Armour
 b - a +5 kite shield (worn)
 j - the +4 skin of Zhor (worn) {*Englaciate rC+++ SInv}
   (You found it in an ice cave)

   *Englaciate: It radiates cold, occasionally slowing all nearby creatures who
   are not resistant to cold.
   rC:        It renders you almost immune to cold.
   SInv:      It lets you see invisible.
 k - a +0 troll leather armour
 w - a +2 cloak of willpower (worn)
 C - a +2 robe of willpower
 O - a +2 robe of resistance
 Q - a +2 hat of stealth (worn)
Jewellery
 d - a +4 ring of protection
 x - a ring of poison resistance (left claw)
 F - an amulet of regeneration (around neck)
 G - a ring of see invisible
 L - the amulet of Xom's Full Attention {Spirit rF+ SInv Stlth+}
   (You acquired it on level 2 of the Orcish Mines)

   [amulet of guardian spirit]

   It causes incoming damage to be divided between your reserves of health and
   magic.
   rF:        It protects you from fire.
   SInv:      It lets you see invisible.
   Stlth:     It makes you more stealthy.
 P - a ring of protection from cold
 T - a +5 ring of evasion (right claw)
 V - a +6 ring of intelligence
Wands
 a - a wand of iceblast (30)
 g - a wand of polymorph (27)
 p - a wand of digging (3)
 s - a wand of flame (88)
 I - a wand of acid (10)
 K - a wand of mindburst (7)
 N - a wand of paralysis (15)
Scrolls
 f - 3 scrolls of brand weapon
 h - 2 scrolls of summoning
 l - 5 scrolls of teleportation
 o - 2 scrolls of fear
 q - 3 scrolls of amnesia
 r - 11 scrolls of fog
 t - 11 scrolls of poison
 v - a scroll of blinking
 z - 8 scrolls of immolation
 A - a scroll of magic mapping
 J - a scroll of torment
 M - 2 scrolls of silence
Potions
 e - 7 potions of brilliance
 m - 6 potions of lignification
 n - 6 potions of resistance
 u - 4 potions of flight
 B - 6 potions of curing
 E - a potion of ambrosia
 H - 7 potions of mutation
 R - 2 potions of berserk rage
 S - 3 potions of haste
 W - 2 potions of invisibility
 X - a potion of magic
 Y - a potion of cancellation


   Skills:
 - Level 13.3 Fighting
 - Level 9.9 Dodging
 - Level 13.3 Shields
 - Level 21.1 Unarmed Combat
 + Level 0.2 Spellcasting
 + Level 0.2 Transmutations
 + Level 0.3 Earth Magic


You had 10 spell levels left.
You knew the following spells:

 Your Spells              Type           Power      Damage    Failure   Level
a - Statue Form           Tmut/Erth      0%         N/A       100%        6

Your spell library contained the following spells:

 Spells                   Type           Power      Damage    Failure   Level
 Sandblast                Erth           0%         2d4       47%         1
 Kiss of Death            Conj/Necr      0%         2d5       52%         1
 Cigotuvi's Dreadful Rot  Necr/Pois/Air  0%         N/A       67%         2
 Poisonous Vapours        Pois/Air       0%         N/A       67%         2
 Sublimation of Blood     Necr           0%         N/A       67%         2
 Ignite Poison            Fire/Tmut/Pois 0%         N/A       87%         3
 Dazzling Flash           Conj/Hex       0%         N/A       88%         3
 Frozen Ramparts          Ice            0%         1d1       88%         3
 Hailstorm                Conj/Ice       0%         3d3       88%         3
 Mephitic Cloud           Conj/Pois/Air  0%         N/A       88%         3
 Ozocubu's Armour         Ice            0%         N/A       88%         3
 Volatile Blastmotes      Fire/Tloc      0%         2d10      88%         3
 Animate Dead             Necr           0%         N/A       99%         4
 Ice Form                 Ice/Tmut       0%         N/A       99%         4
 Iskenderun's Mystic Bla  Conj/Tloc      0%         2d3       99%         4
 Freezing Cloud           Conj/Ice/Air   0%         6-21      100%        5
 Lee's Rapid Deconstruct  Erth           0%         3d4*      100%        5
 Metabolic Englaciation   Hex/Ice        0%         N/A       100%        5
 Simulacrum               Ice/Necr       0%         N/A       100%        6
 Starburst                Conj/Fire      0%         6d3       100%        6
 Borgnjor's Revivificati  Necr           0%         N/A       100%        8
 Necromutation            Tmut/Necr      0%         N/A       100%        8


Dungeon Overview and Level Annotations

Branches:
Dungeon (15/15)            Temple (1/1) D:6            Lair (5/5) D:8
 Shoals (0/4) Lair:2       Spider (4/4) Lair:3        Slime (0/5) Lair:5
    Orc (2/2) D:11            Elf (0/3) Orc:2        Vaults (0/5) D:13
 Depths (0/4) D:15         Bailey (visited)           IceCv (visited)
Volcano (visited)

Altars:
Ashenzari
Cheibriados
Dithmenos
Elyvilon
Fedhas
Gozag
Hepliaklqana
Kikubaaqudgha
Makhleb
Nemelex Xobeh
Okawaru
Qazlal
Ru
Sif Muna
Trog
Uskayaw
Vehumet
Wu Jian
Xom
Yredelemnul
Zin
The Shining One

Shops:
D:5 ![[   D:7 (   D:9 :**   D:11 [(*(   Orc:1 (*:   Orc:2 =*![*

Portals:
Trove: D:15 (give +3 storm dragon scales)

Annotations:
Spider:4 Asterion


Innate Abilities, Weirdness & Mutations

You are too large for most types of armour.
You have claws for hands.
Your natural rate of healing is unusually fast.
You are covered in fur. (AC +1)
You have tough skin. (AC +1)


Message History

Okay, then.
Okay, then.
As you read the scroll of fear, it crumbles to dust.
You assume a fearsome visage.
The redback looks frightened!
The culicivora looks frightened!
The emperor scorpion looks frightened!
The wolf spider looks frightened!
The jumping spider looks frightened!
You feel extremely sick.
The jumping spider is no longer moving slowly.
The jumping spider leaps!
You feel very sick.
The redback is no longer moving slowly.
The wolf spider is no longer moving slowly.
The jumping spider leaps!
You climb downwards.
Level annotation: Asterion You radiate an aura of cold.
The jumping spider seems to slow down.
The torpor snail seems to slow down.
The tarantella seems to slow down.
The jumping spider seems to slow down.
The steelbarb worm seems to slow down.
The tarantella resists.
The sun moth seems to slow down.
The redback resists.
The redback seems to slow down.
The orb spider seems to slow down.
The torpor snail resists.
The meliai seems to slow down.
The culicivora seems to slow down.
The orb spider seems to slow down.
The sun moth seems to slow down.
You feel very sick.
You block the jumping spider's attack. x3; The jumping spider bites you.
* * * LOW HITPOINT WARNING * * *
You block the redback's attack. The torpor snail closely misses you.
Being near the torpor snail leaves you feeling lethargic.
The meliai mumbles some strange prayers to its god against you.
Something smites you!
* * * LOW HITPOINT WARNING * * *
There is a stone staircase leading up, spattered with blood here.
Blink to where?
Press: ? - help, Dir - move target
As you read the scroll of blinking, it crumbles to dust.
You feel yourself speed up.
You feel very sick.
The meliai mumbles some strange prayers to its god against you.
Something smites you!
You die...

..... . ....## #.
...^#
....^....^...#...^
....#.#......#...#
...y..^.^........#
..#..............#
H..#..........!.@#
..........s.#....#
.....^....s......#
..○☼s○#ww§s...^y..
..°§☼#..sss.......
^...w[s..#^#^y#^###
...[....s..s#^.~#
^...s.^..##ss^..^
...........~...$.


You could see a sun moth (slow), an orb spider (slow), a culicivora (slow), a
jumping spider (slow), 3 tarantellas, 2 redbacks and a meliai (slow).

Vanquished Creatures
  Rupert (D:12)
  Mlioglotl (Spider:1)
  Gastronok (D:11)
  2 emperor scorpions
  A ghost moth (Spider:3)
  A frost giant (IceCv)
  4 dire elephants (Lair:5)
  The ghost of fortdeath9 the Severer, a journeyman MiFi of Okawaru (Lair:3)
  A spark wasp (Spider:1)
  The ghost of ytrimaz the Martial Artist, a journeyman GnTm (D:12)
  2 entropy weavers
  The ghost of jasper the Grappler, a journeyman TrFi (Lair:3)
  Fannar (D:11)
  2 hydras
  4 vault guards (D:13)
  2 catoblepae
  An ogre mage (D:15)
  2 radroaches
  4 two-headed ogres
  4 centaur warriors
  8 boulder beetles
  A jorogumo (Spider:4)
  6 death yaks (IceCv)
  Urug (D:13)
  3 orc high priests (Orc:2)
  Amaemon (Lair:2)
  A skyshark (Lair:3)
  3 sun moths
  A spectral death yak (Lair:5)
  5 skeletal warriors (D:13)
  5 pharaoh ants
  7 orb spiders
  A spectral anaconda (Lair:5)
  An obsidian statue (Lair:5)
  A wizard (D:13)
  5 steelbarb worms
  6 orc knights
  A lindwurm (Lair:5)
  5 necromancers
  3 deep elf zephyrmancers (D:15)
  5 wolf spiders
  A mana viper (shapeshifter) (D:13)
  5 deep elf pyromancers
  17 ugly things
  5 orc sorcerers
  2 moths of wrath (Spider:3)
  3 cyclopes
  A manticore (D:11)
  A centaur zombie (D:15)
  16 elephants
  Maurice (D:9)
  2 dire elephant zombies (Lair:5)
  An ice statue (IceCv)
  7 black mambas
  18 cane toads
  7 demonic crawlers
  An unseen horror (D:11)
  4 orange demons
  A centaur skeleton (D:15)
  2 gargoyles
  5 torpor snails
  7 komodo dragons
  11 rime drakes
  A yaktaur (D:13)
  An efreet (Volcano)
  2 ice devils (Lair:2)
  A tengu conjurer (D:13)
  3 red devils (D:10)
  2 hornets
  11 polar bears
  6 meliai
  A snapping turtle (Lair:2)
  6 trolls
  11 tarantellas
  The ghost of NeonRainbow the Gusty, an amateur OpAE (D:4)
  21 jumping spiders
  2 centaur simulacra (D:15)
  8 slime creatures (D:12)
  Sigmund (D:4)
  A shadow (D:12)
  19 culicivoras
  65 yaks
  3 wyverns
  2 wraiths
  2 humans (D:13)
  2 fire elementals (Volcano)
  2 humans (shapeshifter) (D:13)
  The ghost of baller8008 the Chopper, an amateur HOMo (D:4)
  A dire elephant simulacrum (Lair:5)
  A basilisk (Lair:1)
  Eustachio (D:4)
  30 redbacks
  14 vampire mosquitoes
  A redback simulacrum (D:15)
  2 death yak simulacra (Lair:5)
  Grum (D:11)
  13 steam dragons
  2 wargs (Orc:2)
  3 spectral cane toads (Lair:5)
  9 water moccasins
  A black bear (D:8)
  An ice beast (D:6)
  26 orc warriors
  2 elephant zombies (Lair:5)
  2 sky beasts
  5 ogres
  31 wolves
  24 centaurs
  A phantom (D:4)
  6 kobold brigands
  9 bullfrogs
  5 cane toad simulacra (Lair:5)
  4 scorpions
  14 wights
  3 elephant simulacra (Lair:5)
  4 howler monkeys
  11 jellies (Lair:5)
  19 orc priests
  2 gnoll boudas
  4 hounds
  8 hell rats
  23 orc wizards
  16 gnolls
  6 adders
  6 river rats (Lair:2)
  2 white imps
  An ufetubus (D:4)
  A worm (D:2)
  2 dart slugs
  67 orcs
  10 ball pythons
  3 bats
  6 endoplasms
  5 giant cockroaches
  12 hobgoblins
  7 jackals
  20 kobolds
  8 quokkas
  4 frilled lizards
  14 goblins
  12 rats
885 creatures vanquished.

Vanquished Creatures (others)
  A steelbarb worm (Spider:1)
  A jumping spider (Spider:1)
  29 fungi
  19 plants
  17 withered plants
67 creatures vanquished.

Grand Total: 952 creatures vanquished

Notes
Turn   | Place    | Note
-------+----------+-------------------------------------------
     0 | D:1      | cheesebisquit the Troll Fighter began the quest for the
                  | Orb.
     0 | D:1      | Reached XP level 1. HP: 22/22 MP: 0/0
    74 | D:1      | Reached XP level 2. HP: 25/29 MP: 1/1
   235 | D:1      | Reached XP level 3. HP: 36/36 MP: 2/2
   372 | D:1      | Reached skill level 3 in Unarmed Combat
   586 | D:2      | Found a burning altar of Makhleb.
  1279 | D:2      | Reached XP level 4. HP: 40/44 MP: 3/3
  1580 | D:3      | Reached skill level 4 in Unarmed Combat
  1580 | D:3      | Reached XP level 5. HP: 35/53 MP: 4/4
  2232 | D:4      | Found a blossoming altar of Fedhas.
  2320 | D:4      | Noticed Sigmund
  2335 | D:4      | Killed Sigmund
  2336 | D:4      | Reached skill level 5 in Unarmed Combat
  2336 | D:4      | Reached XP level 6. HP: 35/62 MP: 5/5
  2399 | D:4      | Found a burning altar of Makhleb.
  2403 | D:4      | Found a runed translucent gate.
  2403 | D:4      | Found a runed translucent gate.
  2416 | D:4      | Found a runed translucent gate.
  2417 | D:4      | Noticed NeonRainbow's ghost (amateur OpAE)
  2418 | D:4      | Noticed baller8008's ghost (amateur HOMo)
  2497 | D:4      | Noticed Eustachio
  2558 | D:4      | Killed Eustachio
  2559 | D:4      | Reached XP level 7. HP: 45/68 MP: 6/6
  2629 | D:4      | Found an iron altar of Okawaru.
  2810 | D:4      | Found a bloodstained altar of Trog.
  2813 | D:4      | Found a basalt altar of Yredelemnul.
  2992 | D:5      | Entered Level 5 of the Dungeon
  3004 | D:4      | Reached skill level 6 in Unarmed Combat
  3008 | D:5      | Found Odiuf's Armour Shoppe.
  3016 | D:5      | Bought a +2 cloak of willpower for 236 gold pieces
  3074 | D:5      | Found Qouzuot's Armour Shop.
  3231 | D:5      | Found Ezownu Honump's Distillery.
  3237 | D:5      | Bought a potion of heal wounds for 55 gold pieces
  3500 | D:6      | Found a staircase to the Ecumenical Temple.
  3512 | Temple   | Entered the Ecumenical Temple
  3658 | Temple   | Became a worshipper of the Wu Jian Council
  3757 | D:6      | Identified the +5 hand axe "Xicrac" {drain, rElec rPois
                  | Int+2}
  3828 | D:6      | Reached skill level 5 in Shields
  3828 | D:6      | Reached XP level 8. HP: 63/79 MP: 7/7
  3905 | D:6      | Reached skill level 7 in Unarmed Combat
  4013 | D:6      | Reached skill level 5 in Fighting
  4024 | D:6      | Reached skill level 8 in Unarmed Combat
  4077 | D:6      | Reached * piety under Wu Jian
  4321 | D:7      | Reached XP level 9. HP: 88/88 MP: 8/8
  4487 | D:7      | Paralysed by a hornet for 2 turns
  4497 | D:7      | Reached skill level 9 in Unarmed Combat
  4785 | D:7      | Found Tewox's Weapon Shop.
  5015 | D:7      | Reached ** piety under Wu Jian
  5287 | D:8      | Reached skill level 10 in Unarmed Combat
  5706 | D:8      | Reached XP level 10. HP: 87/100 MP: 9/9
  6058 | D:8      | Found a staircase to the Lair.
  6380 | D:9      | Noticed Maurice
  6392 | D:9      | Killed Maurice
  6393 | D:9      | Reached skill level 11 in Unarmed Combat
  6429 | D:9      | Found a hide-covered altar of Uskayaw.
  6705 | D:9      | Found Syrghioxu's General Store.
  6714 | D:9      | Found Neytiolaeg's Specific Store.
  6722 | D:9      | Bought 2 scrolls of poison for 88 gold pieces
  6722 | D:9      | Bought a wand of mindburst (2) for 30 gold pieces
  6722 | D:9      | Bought a scroll of identify for 22 gold pieces
  6867 | D:9      | Found Sazoxepo's Tremendous Tomes.
  6944 | D:9      | Noticed a two-headed ogre
  6948 | D:9      | Killed a two-headed ogre
  7249 | D:10     | Entered Level 10 of the Dungeon
  7259 | D:10     | Found a flagged portal.
  7273 | D:10     | Reached *** piety under Wu Jian
  7284 | Bailey   | Entered a bailey
  7395 | Bailey   | Identified the +9 sling of Jaykh {antimagic, rN+ Str+6}
  7474 | Bailey   | Found a burning altar of Makhleb.
  7762 | D:10     | Reached XP level 11. HP: 106/109 MP: 10/10
  8048 | D:10     | Reached skill level 12 in Unarmed Combat
  9454 | D:11     | Found Conoix's Weapon Boutique.
  9584 | D:11     | Noticed a boulder beetle
  9605 | D:11     | Killed a boulder beetle
  9682 | D:11     | Noticed Gastronok
  9698 | D:11     | Killed Gastronok
  9699 | D:11     | Reached skill level 5 in Dodging
  9737 | D:11     | Found Plog's Armour Shop.
  9745 | D:11     | Found a staircase to the Orcish Mines.
  9746 | D:11     | Reached **** piety under Wu Jian
  9747 | D:11     | Reached skill level 13 in Unarmed Combat
  9755 | D:11     | Found Isyepp's Weapon Shop.
  9796 | D:11     | Noticed Grum
  9803 | D:11     | Killed Grum
  9886 | D:11     | Noticed Fannar
  9903 | D:11     | Killed Fannar
  9999 | D:11     | Found Laxt's General Store.
 10127 | D:12     | Noticed Rupert
 10143 | D:12     | Killed Rupert
 10144 | D:12     | Reached XP level 12. HP: 66/122 MP: 11/11
 10438 | D:12     | Noticed ytrimaz's ghost (journeyman GnTm)
 10549 | D:12     | Found a runed translucent door.
 10744 | Lair:1   | Entered Level 1 of the Lair of Beasts
 10755 | Lair:1   | Noticed a boulder beetle
 10817 | Lair:1   | Reached skill level 14 in Unarmed Combat
 10820 | Lair:1   | Found a dark tunnel.
 10828 | Volcano  | Entered a volcano
 11147 | Lair:1   | Killed a boulder beetle
 11414 | Lair:1   | Reached ***** piety under Wu Jian
 11904 | Lair:2   | Reached skill level 10 in Shields
 12057 | Lair:2   | Found a frozen archway.
 12066 | IceCv    | Entered an ice cave
 12136 | IceCv    | Found the +4 skin of Zhor {*Englaciate rC+++ SInv}
 12148 | IceCv    | Reached XP level 13. HP: 112/131 MP: 12/12
 12267 | IceCv    | Reached skill level 15 in Unarmed Combat
 12337 | IceCv    | Identified the staff of air "Bifrov" {rElec rN+ Str+2}
 12606 | IceCv    | Noticed a frost giant
 12636 | IceCv    | Killed a frost giant
 12976 | Lair:2   | Noticed Amaemon
 13001 | Lair:2   | Killed Amaemon
 13094 | D:9      | Bought the Elucidation of the Pure Leylines for 1118 gold
                  | pieces
 13101 | D:9      | Learned a level 6 spell: Statue Form
 13227 | D:12     | Killed ytrimaz's ghost
 13387 | D:4      | Killed baller8008's ghost
 13395 | D:4      | Killed NeonRainbow's ghost
 13556 | Lair:2   | Identified the +0 glaive of the Vaults {protect, rC+ Str-4
                  | Dex+5 Stlth+}
 13721 | Lair:2   | Reached skill level 10 in Fighting
 13807 | Lair:2   | Found a staircase to the Shoals.
 14169 | Lair:3   | Reached skill level 16 in Unarmed Combat
 14457 | Lair:3   | Reached ****** piety under Wu Jian
 14495 | Lair:3   | Reached XP level 14. HP: 143/143 MP: 13/13
 14575 | Lair:3   | Found a runed translucent gate.
 14575 | Lair:3   | Found a runed translucent gate.
 14575 | Lair:3   | Found a runed translucent gate.
 14576 | Lair:3   | Noticed fortdeath9's ghost (journeyman MiFi)
 14925 | Lair:3   | Found a hole to the Spider Nest.
 15169 | Lair:3   | Noticed jasper's ghost (journeyman TrFi)
 15436 | Lair:3   | Reached skill level 17 in Unarmed Combat
 15436 | Lair:3   | Reached XP level 15. HP: 152/152 MP: 14/14
 15511 | Lair:4   | Found an ancient bone altar of Kikubaaqudgha.
 16271 | Lair:5   | Entered Level 5 of the Lair of Beasts
 16483 | Lair:5   | Found a staircase to the Slime Pits.
 16536 | Lair:5   | HP: 6/152 [15-headed hydra (11)]
 16794 | Lair:4   | HP: 2/152 [18-headed hydra (12)]
 16937 | Lair:4   | Found an ancient bone altar of Kikubaaqudgha.
 17737 | Lair:5   | Identified the +3 mace of Indomitability {heavy, Int+2}
 18996 | D:5      | Bought a potion of mutation for 88 gold pieces
 18996 | D:5      | Bought a potion of haste for 110 gold pieces
 18996 | D:5      | Bought a potion of haste for 110 gold pieces
 18996 | D:5      | Bought a potion of resistance for 110 gold pieces
 18996 | D:5      | Bought a potion of resistance for 110 gold pieces
 19043 | D:7      | Bought 5 poisoned darts for 30 gold pieces
 19043 | D:7      | Bought 4 curare-tipped darts for 48 gold pieces
 19183 | Orc:1    | Entered Level 1 of the Orcish Mines
 19187 | Orc:1    | Found Wabe's Assorted Antiques.
 19287 | Orc:1    | Found Vutydis's Weapon Shoppe.
 19410 | Orc:2    | Entered Level 2 of the Orcish Mines
 19424 | Orc:2    | Reached skill level 18 in Unarmed Combat
 19630 | Orc:1    | Found Hinar's Vocational Training.
 19808 | Orc:2    | Found a staircase to the Elven Halls.
 20032 | Orc:2    | Reached XP level 16. HP: 128/163 MP: 15/15
 20094 | Orc:2    | Found Linyumuzxao's Antique Armour Boutique.
 20094 | Orc:2    | Found Olleqep's Distillery.
 20096 | Orc:2    | Found Upeyhaluerr's General Store.
 20096 | Orc:2    | Found Goqextix's Jewellery Shoppe.
 20110 | Orc:2    | Bought a scroll of blinking for 127 gold pieces
 20110 | Orc:2    | Bought a potion of heal wounds for 85 gold pieces
 20110 | Orc:2    | Bought a potion of heal wounds for 85 gold pieces
 20110 | Orc:2    | Bought a scroll of identify for 34 gold pieces
 20110 | Orc:2    | Identified a scroll of acquirement
 20111 | Orc:2    | Acquired the amulet of Xom's Full Attention {Spirit rF+
                  | SInv Stlth+}
 20462 | Orc:2    | Found Dieche's Assorted Antiques.
 20706 | D:13     | Noticed Urug
 20744 | D:13     | Killed Urug
 21109 | D:13     | Got Wesial's Codex of Refrigeration
 21283 | D:13     | Found a gate to the Vaults.
 21941 | Orc:2    | Bought a potion of resistance for 160 gold pieces
 21941 | Orc:2    | Bought a potion of curing for 48 gold pieces
 21941 | Orc:2    | Bought a potion of curing for 48 gold pieces
 22002 | Orc:1    | Bought a potion of might for 136 gold pieces
 22151 | Lair:3   | Killed fortdeath9's ghost
 22161 | Lair:3   | Killed jasper's ghost
 22753 | D:14     | Reached skill level 19 in Unarmed Combat
 23090 | D:15     | Entered Level 15 of the Dungeon
 23210 | D:15     | Found a portal to a secret trove of treasure.
 23579 | D:15     | Identified the +0 pair of gloves of Pandemonium {Contam
                  | Harm Slay+2}
 24043 | D:15     | Found a hide-covered altar of Uskayaw.
 24262 | D:15     | Found a staircase to the Depths.
 24746 | Spider:1 | Entered Level 1 of the Spider Nest
 25351 | Spider:1 | Identified the +9 mace of Wuoxeipt {venom, Str+5 Stlth+}
 25866 | Spider:2 | Noticed Mlioglotl
 25929 | Spider:1 | Reached skill level 20 in Unarmed Combat
 25929 | Spider:1 | Reached XP level 17. HP: 121/175 MP: 16/16
 25978 | Spider:1 | HP: 1/171 [Mlioglotl (16)]
 25989 | Spider:1 | Killed Mlioglotl
 26492 | Spider:2 | You fall into a shaft and drop 1 floor!
 27778 | Spider:4 | Entered Level 4 of the Spider Nest
 27854 | Spider:4 | Reached skill level 21 in Unarmed Combat
 27871 | Spider:4 | Noticed Asterion
 28002 | Spider:4 | Killed from afar by a meliai

Illustrated notes

Levels and vault maps discovered:
D:1:      dpeg_arrival_prison, layout_rooms
D:2:      layout_basic, basic_altar, chequers_serial_rivers_marsh,
          minmay_goblin_outpost
D:3:      layout_loops_cross
D:4:      layout_cave_pools, mainiacjoe_overflow_catwalk,
          mainiacjoe_overflow_cross_hatched,
          mainiacjoe_overflow_small_starburst,
          mainiacjoe_overflow_catwalk_spiral, gammafunk_ghost_cemetery,
          nicolae_elevator_lobby_asterisk, uniq_eustachio, uniq_sigmund
D:5:      layout_rooms, serial_shops, shop, shop,
          nicolae_shop_pleasant_corner_grove
D:6:      layout_rooms, temple_pool_b
D:7:      layout_loops_ring, serial_shops, nicolae_shop_back_alley_shop
D:8:      layout_layer_cave, grunt_lair_entry_orc_guard_hut
D:9:      layout_basic, lemuel_round_altar, nicolae_shop_i_like_big_books,
          grunt_decor_mini_mirrors, nicolae_specific_store, uniq_maurice
D:10:     layout_basic, enter_bailey_5, minmay_beelzebubs_servants
D:11:     layout_grid_maze, orc_david_3, serial_shops, nicolae_diamond_shop,
          shop, uniq_gastronok, uniq_grum, uniq_fannar
D:12:     layout_cave_pools, hellmonk_ghost_happy_afterlife, uniq_rupert
D:13:     layout_cross, grunt_vaults_entry_fortified, minmay_diced_spiral,
          uniq_urug
D:14:     layout_basic, interstate_on_off
D:15:     grunt_enter_depths_magical_seal, layout_layer_cave,
          nicolae_trove_entry_crossroad, nicolae_uskayaw_en_pointe, minivault_25
Temple:   nicolae_temple_elliptical
Lair:1:   layout_regular_city, lightli_volcano_entry_magma_tube,
          infiniplex_staircase_pool_2
Lair:2:   layout_chaotic_city, minmay_shoals_entry_hut,
          portal_ice_cave_demonic_guard, kennysheep_abandoned_house,
          grunt_megastairs_4, uniq_amaemon
Lair:3:   layout_long_grid, nicolae_spider_entry_orb_guardian,
          gammafunk_ghost_cemetery, columned_hall_lemuel, st_stairs_10,
          minivault_11, bobbens_dragon_lair_wall
Lair:4:   layout_gridlike, basic_altar, kennysheep_catoblepas_arena
Lair:5:   due_jungle_book, layout_misc_corridors, minmay_slime_entry_jelly_boxes
Spider:1: layout_spider_delve
Spider:2: layout_spider_delve, uniq_mlioglotl
Spider:3: layout_spider_delve
Spider:4: grunt_spider_rune_island, ebering_ghost_rock_garden,
          nicolae_spider_bug_shape, uniq_asterion
Orc:1:    layout_caves, serial_shops, shop, nicolae_shop_bloodbath_and_beyond,
          nicolae_shop_vocational
Orc:2:    grunt_orc_tribal_feast, layout_diamond_mine, serial_shops,
          nicolae_square_shop

Skill      XL: |  1  2  3  4  5  6  7  8  9 10 11 12 13 14 15 16 17 |
---------------+----------------------------------------------------+-----
Shields        | 3 4 5 6 7 8 9 10 11 12 13 | 13.3
Unarmed Combat | 3 4 5 6 8 10 11 13 14 16 17 18 20 21 | 21.1
Fighting       | 3 4 5 6 7 8 9 10 11 12 13 | 13.3
Dodging        | 4 5 6 8 9 |  9.9
Spellcasting   | |  0.2
Transmutations | |  0.2
Earth Magic    | |  0.3

Action                     |  1- 3 |  4- 6 |  7- 9 | 10-12 | 13-15 | 16-18 || total
---------------------------+-------+-------+-------+-------+-------+-------++-------
  Melee: Unarmed           |   109 |   103 |   321 |   595 |  1020 |   943 ||  3091
  Throw: Boomerang         |       |     8 |    85 |   201 |   214 |       ||   508
         Dart              |       |       |       |     3 |    99 |   194 ||   296
 Invoke: Serpent's Lash    |       |       |       |       |     5 |     3 ||     8
         Heavenly Storm    |       |       |       |       |     2 |     3 ||     5
Ability: Lunge             |       |       |    18 |    33 |    43 |    41 ||   135
         Whirlwind         |       |       |     3 |    25 |    77 |    37 ||   142
         Wall Jump         |       |       |       |       |     1 |       ||     1
    Use: Scroll            |       |     6 |     9 |    12 |    17 |     8 ||    52
         Potion            |       |     2 |     1 |     8 |    12 |    18 ||    41
   Stab: Sleeping          |       |     2 |     1 |       |     1 |     3 ||     7
         Distracted        |       |     1 |       |       |     1 |       ||     2
         Invisible         |       |       |       |       |       |     1 ||     1
 Armour: Robe              |    37 |    28 |    68 |   127 |     6 |       ||   266
         Animal skin       |       |       |       |       |   206 |   181 ||   387
  Dodge: Dodged            |    36 |    41 |    58 |   165 |   261 |   391 ||   952
  Block: Kite shield       |    41 |    45 |   155 |   395 |   468 |   652 ||  1756

Table legend: (Time is in decaauts)
 A = Elapsed time spent in this place.
 B = Non-inter-level travel time spent in this place.
 C = Inter-level travel time spent in this place.
 D = Time resting spent in this place.
 E = Time spent auto-exploring this place.
 F = Levels seen in this place.
 G = Mean time per level.
                   A        B        C        D        E       F      G
               +--------+--------+--------+--------+--------+-----+--------+
         Total |  27755 |  24353 |   3402 |    743 |  17756 |  30 |  925.2 |
       Dungeon |  14811 |  12678 |   2133 |    284 |   9743 |  15 |  987.4 |
        Temple |    160 |    133 |     27 |      0 |    118 |   1 |  160.0 |
          Lair |   6743 |   6048 |    695 |    147 |   4435 |   5 | 1348.6 |
   Spider Nest |   3133 |   2880 |    253 |    295 |   1801 |   4 |  783.2 |
  Orcish Mines |   1577 |   1283 |    294 |      0 |    913 |   2 |  788.5 |
        Bailey |    256 |    256 |      0 |      0 |    129 |   1 |  256.0 |
      Ice Cave |    847 |    847 |      0 |     16 |    468 |   1 |  847.0 |
       Volcano |    224 |    224 |      0 |      0 |    148 |   1 |  224.0 |
               +--------+--------+--------+--------+--------+-----+--------+

Top non-repeatable levels by time:
    D:10: 1754 daAuts
  Lair:4: 1730 daAuts
  Lair:3: 1611 daAuts
  Lair:5: 1443 daAuts
     D:8: 1411 daAuts
Spider:1: 1375 daAuts
    D:15: 1277 daAuts
     D:9: 1270 daAuts
Spider:3: 1207 daAuts
  Lair:1: 1030 daAuts
     D:7: 1028 daAuts
    D:14: 993 daAuts
    D:11: 978 daAuts
     D:2: 966 daAuts
  Lair:2: 928 daAuts
